 Dungeon Sprint DCSS version 0.16-a0-3803-gd4b2de5 (webtiles) character file.

1400000 PolkaDot the Ninja (level 15, -78/163 HPs)
             Began as a White Draconian Assassin on Jan 26, 2015.
             Was an Elder of Makhleb.
             Annihilated by a destroyer
             ... wielding a +9 great sword of slicing
              (238 damage)
             ... in the Dungeon (Sprint VIII: "Arena of Blood").
             The game lasted 00:00:53 (14 turns).

PolkaDot the Ninja (White Draconian Assassin)         Turns: 14, Time: 00:00:53

Health: -78/163    AC: 10    Str: 15    XL:     15   Next: 63%
Magic:  15/15      EV: 21    Int: 11    God:    Makhleb [****..]
Gold:   0          SH:  0    Dex: 18    Spells: 0 memorised, 14 levels left

rFire  . . .     SeeInvis .     c - +∞ Axe of Woe
rCold  + . .     Clarity  .     (armour unavailable)
rNeg   . . .     SustAb   .     (no shield)
rPois  .         Gourm    .     (helmet restricted)
rElec  .         Spirit   .     d - +0 cloak
rCorr  .         Warding  .     (no gloves)
rMut   .         NoTele   +     (no boots)
MR     +....                    (no amulet)
Stlth  ++++++++..               (no ring)
                                (no ring)

@: somewhat resistant to hostile enchantments, extraordinarily stealthy
A: breathe frost, unfitting armour, cold resistance 1, cold-blooded, AC +9
a: Breathe Frost, Minor Destruction, Lesser Servant of Makhleb, Major
Destruction, Renounce Religion


You were in the Dungeon.
You worshipped Makhleb.
Makhleb was greatly pleased with you.
You were not hungry.

You visited 1 branch

Inventory:

Hand weapons
 b - a +0 blowgun
 c - the +∞ Axe of Woe (weapon)
   (You found it in the Dungeon)
Missiles
 e - 8 poisoned needles
 f - 2 curare-tipped needles
Armour
 d - a +0 cloak (worn)
Scrolls
 m - a scroll of blinking
Potions
 h - a potion of curing
 i - a potion of heal wounds
 j - a potion of haste
 k - 2 potions of magic
 l - a potion of berserk rage
Comestibles
 g - a bread ration


   Skills:
 + Level 23.1 Fighting
   Level 2.0 Short Blades
 + Level 15.4 Axes
 + Level 18.6 Throwing
 + Level 10.8 Dodging
 O Level 27 Stealth


You had 14 spell levels left.
You didn't know any spells.

Dungeon Overview and Level Annotations

Branches:
Dungeon (1/1)

Altars:
Makhleb


Innate Abilities, Weirdness & Mutations

You can breathe waves of freezing cold.
You can buffet flying creatures when you breathe cold.
Your icy white scales are hard (AC +9).
Your body does not fit into most forms of armour.
Your flesh is cold resistant.
Your cold-blooded metabolism reacts poorly to cold.


Message History

Your Dodging skill increases to level 10!
You hear a shout! x13
The meat berserker closely misses you.
You hear a shout! x3 2 orcs come into view.
You slice the meat berserker!!
You slaughter the meat berserker joyfully.
You kill the meat berserker!
Makhleb accepts your kill.
You can now hurl Makhleb's greater destruction.
You feel a little better.
Your Fighting skill increases to level 23!
Your Axes skill increases to level 15!
Your Throwing skill increases to level 18!
You hear a shout! x3
The destroyer blinks!
You hear a shout! x10
The destroyer hits you with a +9 great sword of slicing!!!!!
Ouch! That really hurt!
You die...

..... . ....... ..
..... #. ....# #o.
...# o. .###..
...###..o
.......###........
........_.)O....§..
.....#..)V@#......
. #_.<)o# o..
#.....# .
....._.....
......###......
.###.. .o.###. #..
..o# #.. ...# ..
....


You could see a destroyer, a meat berserker (berserk) and 5 bags of meat.

Vanquished Creatures
  2 ogres (D)
  7 orcs (D)
9 creatures vanquished.

Notes
Turn   | Place    | Note
--------------------------------------------------------------
     0 | D        | PolkaDot, the Draconian Assassin, began the quest for the Orb.
     0 | D        | Reached XP level 1. HP: 17/17 MP: 1/1
     2 | D        | Noticed a bag of meat
     3 | D        | Noticed a meat berserker
     3 | D        | Became a worshipper of Makhleb the Destroyer
     4 | D        | Noticed a bag of meat
     5 | D        | Noticed a meat berserker
     6 | D        | Noticed a bag of meat
     6 | D        | Noticed a bag of meat
     7 | D        | Noticed a bag of meat
     7 | D        | Killed a meat berserker
     7 | D        | Reached skill level 9 in Fighting
     7 | D        | Reached skill level 22 in Stealth
     7 | D        | Reached XP level 2. HP: 21/38 MP: 2/2
     7 | D        | Reached XP level 3. HP: 24/45 MP: 3/3
     7 | D        | Reached XP level 4. HP: 27/51 MP: 4/4
     7 | D        | Reached XP level 5. HP: 30/58 MP: 5/5
     7 | D        | Reached XP level 6. HP: 34/66 MP: 6/6
     7 | D        | Your scales start taking on an icy white colour.
     7 | D        | Gained mutation: Your flesh is cold resistant. [draconian maturity]
     7 | D        | Reached XP level 7. HP: 36/71 MP: 7/7
     7 | D        | Reached XP level 8. HP: 40/79 MP: 8/8
     7 | D        | Reached XP level 9. HP: 43/85 MP: 9/9
     7 | D        | Reached XP level 10. HP: 47/93 MP: 10/10
     7 | D        | Reached XP level 11. HP: 50/99 MP: 11/11
     8 | D        | Noticed a bag of meat
     9 | D        | Noticed a bag of meat
     9 | D        | Killed a bag of meat
     9 | D        | Acquired Makhleb's first power
     9 | D        | Reached skill level 5 in Axes
     9 | D        | Reached skill level 5 in Dodging
     9 | D        | Reached skill level 25 in Stealth
     9 | D        | Reached XP level 12. HP: 53/110 MP: 12/12
    11 | D        | Noticed a bag of meat
    11 | D        | Noticed a meat berserker
    11 | D        | Killed a bag of meat
    11 | D        | Reached skill level 10 in Throwing
    11 | D        | Reached skill level 27 in Stealth
    11 | D        | Reached XP level 13. HP: 56/119 MP: 13/13
    11 | D        | Killed a bag of meat
    11 | D        | Acquired Makhleb's second power
    11 | D        | Reached skill level 15 in Fighting
    12 | D        | Noticed a bag of meat
    12 | D        | Killed a bag of meat
    12 | D        | Reached skill level 10 in Axes
    12 | D        | Reached XP level 14. HP: 95/141 MP: 14/14
    12 | D        | Killed a bag of meat
    12 | D        | Acquired Makhleb's third power
    12 | D        | Reached skill level 15 in Throwing
    13 | D        | Noticed a destroyer
    13 | D        | Noticed a bag of meat
    13 | D        | Noticed a meat berserker
    13 | D        | Killed a bag of meat
    13 | D        | Reached XP level 15. HP: 136/157 MP: 15/15
    13 | D        | Killed a bag of meat
    13 | D        | Reached skill level 10 in Dodging
    14 | D        | Noticed a bag of meat
    14 | D        | Noticed a bag of meat
    14 | D        | Killed a meat berserker
    14 | D        | Acquired Makhleb's fourth power
    14 | D        | Reached skill level 15 in Axes
    14 | D        | Annihilated by a destroyer

Action                   |  1- 3 |  4- 6 |  7- 9 | 10-12 | 13-15 || total
-------------------------+-------+-------+-------+-------+-------++-------
Melee: Executioner's axe |     1 |       |       |     2 |     3 ||     6
